 Dungeon Crawl Stone Soup version 0.31.0-12-g77e489cdc1 (webtiles) character file.

Game seed: 16429141142949380342

35307 jasper the Mimic (level 13, -11/122 HPs)
             Began as a Red Draconian Shapeshifter on Feb 29, 2024.
             Was the Champion of Okawaru.
             Killed by an exploding yak (17 damage)
             ... ignited by their inner flame
             ... on level 4 of the Lair of Beasts.
             The game lasted 00:33:31 (19122 turns).

jasper the Mimic (Red Draconian Shapeshifter)      Turns: 19122, Time: 00:33:32

Health: -11/122    AC: 18    Str: 21    XL:     13   Next: 46%
Magic:  0/15       EV: 16    Int: 13    God:    Okawaru [******]
Gold:   2164       SH:  0    Dex: 12    Spells: 12/12 levels left

rFire   + .          .
                       - Unarmed
rCold   . . .        (shield currently unavailable)
rNeg    . . .        (body armour unavailable)
rPois   .            l - +2 hat
rElec   .            E - +1 cloak
rCorr   +            p - +2 pair of gloves {infuse}
SInv    .            r - +2 pair of boots
Will    .....        (no amulet)
Stlth   +            v - ring of Ecvif {rCorr Int+3}
HPRegen 0.40/turn    (no ring)
MPRegen 0.14/turn

%: no passive effects
@: short of breath, flux-form, glowing
A: glow, contaminating, breathe fire, AC +8, unfitting armour, fire resistance
1, cold-blooded
a: Breathe Fire, Begin Untransformation, Renounce Religion, Heroism, Finesse,
Duel


You were on level 4 of the Lair of Beasts.
You worshipped Okawaru.
Okawaru was exalted by your worship.
You were something dangerously unstable.
You visited 4 branches of the dungeon, and saw 17 of its levels.
You also visited: Bailey.

You collected 2164 gold pieces.

Inventory:

Hand Weapons
 t - a +0 spear
Missiles
 f - a throwing net
 o - 9 boomerangs
 u - 24 javelins
 I - 3 curare-tipped darts
 L - 2 silver javelins
Armour
 l - a +2 hat (worn)
 p - a +2 pair of gloves of infusion (worn)
 r - a +2 pair of boots (worn)
 w - a +0 buckler
 E - a +1 cloak (worn)
 M - the +2 pair of boots "Cionaes" {Will+}
   (Okawaru gifted it to you on level 1 of the Lair of Beasts)

   Will+:     It increases your willpower.
Jewellery
 v - the ring of Ecvif (left hand) {rCorr Int+3}
   (You found it on level 8 of the Dungeon)

   [ring of resist corrosion]

   Int+3:     It affects your intelligence (+3).
   rCorr:     It protects you from acid and corrosion.
Talismans
 b - a beast talisman
 c - a flux talisman (active)
 y - a serpent talisman
Wands
 j - a wand of charming (15)
 k - a wand of mindburst (9)
 s - a wand of flame (3)
 J - a wand of iceblast (5)
Scrolls
 e - 6 scrolls of vulnerability
 h - 2 scrolls of fear
 m - a scroll of torment
 n - 5 scrolls of teleportation
 x - 2 scrolls of brand weapon
 z - a scroll of revelation
 B - 4 scrolls of identify
 F - a scroll of fog
Potions
 a - 5 potions of heal wounds
 d - 6 potions of curing
 g - 4 potions of haste
 i - a potion of enlightenment
 q - 2 potions of lignification
 C - a potion of brilliance
 D - a potion of magic
 G - a potion of might {unknown}
 H - 2 potions of berserk rage
 K - a potion of mutation {unknown}
 N - a potion of invisibility {unknown}


   Skills:
 * Level 13.6 Fighting
 - Level 1.7 Dodging
 * Level 13.2 Unarmed Combat
 - Level 3.0 Invocations
 - Level 14.0 Shapeshifting


You had 12 spell levels left.
You didn't know any spells.
Your spell library contained the following spells:

 Spells                   Type           Power      Damage    Failure   Level
 Ensorcelled Hibernation  Hex/Ice        0%         N/A       43%         2
 Dazzling Flash           Conj/Hex       0%         N/A       67%         3
 Fugue of the Fallen      Necr           0%         N/A       67%         3
 Mephitic Cloud           Conj/Alch/Air  0%         N/A       67%         3
 Anguish                  Hex/Necr       0%         N/A       97%         4
 Alistair's Intoxication  Alch           0%         N/A       100%        5
 Borgnjor's Vile Clutch   Necr/Erth      0%         N/A       100%        5
 Curse of Agony           Necr           0%         N/A       100%        5
 Silence                  Hex/Air        0%         N/A       100%        5
 Eringya's Noxious Bog    Alch           0%         4d6       100%        6


Dungeon Overview and Level Annotations

Branches:
Dungeon (11/15)            Temple (1/1) D:5            Lair (4/5) D:11
 Shoals (0/4) Lair:3        Snake (0/4) Lair:3          Orc (1/2) D:10
 Bailey (visited)
  Slime: Lair:4-5

Altars:
Ashenzari
Cheibriados
Dithmenos
Elyvilon
Fedhas
Gozag
Hepliaklqana
Kikubaaqudgha
Makhleb
Nemelex Xobeh
Okawaru
Qazlal
Ru
Sif Muna
Trog
Uskayaw
Vehumet
Wu Jian
Xom
Yredelemnul
Zin
The Shining One

Shops:
D:2 :   D:8 ?


Innate Abilities, Weirdness & Mutations

You are something dangerously unstable.
You glow with magical radiation, making you easy to see and hit.
Foes you strike become dangerously contaminated with magical radiation.
You are incapable of wielding weapons or throwing items.
You can breathe blasts of fire.
Your fiery red scales are hard. (AC +8)
You cannot fit into any form of body armour.
Your flesh is heat resistant. (rF+)
You are cold-blooded and may be slowed by cold attacks.


Message History

The yak explodes!
The fiery explosion engulfs the death yak!!!
Okawaru accepts your kill.
The fiery explosion engulfs the yak!!
Flame seeps out of the yak.
The yak is severely wounded.
Your attack snaps the yak out of its fear.
The fiery explosion engulfs the death yak!!
Flame seeps out of the death yak.
The death yak is moderately wounded.
The fiery explosion engulfs you! You resist.
* * * LOW HITPOINT WARNING * * *
The death yak explodes!
The fiery explosion engulfs the yak!!
Flame seeps out of the yak.
The yak is almost dead.
Your attack snaps the yak out of its fear.
The fiery explosion engulfs you! You resist.
* * * LOW HITPOINT WARNING * * *
The fiery explosion engulfs the yak!!
Okawaru accepts your kill.
The fiery explosion engulfs the death yak!!
Flame seeps out of the death yak.
The death yak is severely wounded.
The fiery explosion engulfs the death yak!!
Flame seeps out of the death yak.
The death yak is moderately wounded.
Your attack snaps the death yak out of its fear.
The yak explodes!
The fiery explosion engulfs the yak!!!
Okawaru accepts your kill.
The fiery explosion engulfs the death yak!!!
Flame seeps out of the death yak.
The death yak is almost dead.
The fiery explosion engulfs the yak!!!
Flame seeps out of the yak.
The yak is almost dead.
Your attack snaps the yak out of its fear.
The fiery explosion engulfs the yak!!
Flame seeps out of the yak.
The yak is almost dead.
Your attack snaps the yak out of its fear.
The fiery explosion engulfs you! You resist.
You die...

#.....#..... #
#.P..#......#...).# ###.
#.......#..PP.....†
..○.##.........P........
.....#..................
.........#......P.......
.....§YY)..........†..P.
....)§§YY[.......†......
....$§°p..††....>.......
P.$?.§Y°§.........†.....
....$.Y§§...............
...P....................
.P).....................
..k.....................
..P....(................
........................
...........[....


You could see 3 death yaks, 3 yaks and a rime drake (fleeing).

Vanquished Creatures
  2 hydras (Lair:3)
  3 boulder beetles
  2 two-headed ogres (D:11)
  3 death yaks
  Pikel (D:4)
  3 harpies (Lair:3)
  A lindwurm (Lair:3)
  A manticore (D:11)
  A black mamba (Lair:2)
  6 elephants (Lair:3)
  Joseph (D:8)
  2 torpor snails
  10 cane toads
  5 komodo dragons
  An unseen horror zombie (D:8)
  6 rime drakes
  3 polar bears
  A hornet (D:9)
  12 blink frogs
  Prince Ribbit (D:7)
  4 dream sheep (Lair:3)
  A shadow (D:10)
  A vampire (D:9)
  31 yaks
  6 wyverns
  3 basilisks (Lair:1)
  Menkaure (D:7)
  6 water moccasins
  2 sky beasts
  12 orc warriors
  A black bear (Lair:1)
  A hornet zombie (D:8)
  13 wolves
  3 ogres
  4 boggarts (Lair:2)
  11 centaurs
  A lemure (D:4)
  A phantom (D:4)
  13 bullfrogs
  Blork the orc (D:5)
  A kobold brigand (D:10)
  2 scorpions (D:6)
  4 gnoll sergeants
  A wyvern zombie (D:8)
  7 wights
  14 killer bees
  5 howler monkeys
  2 electric eels (Lair:1)
  2 centaur zombies (D:8)
  2 jellies
  5 hounds
  2 bombardier beetles
  2 gnoll boudas
  3 orc priests
  A sleepcap (D:5)
  5 iguanas
  11 orc wizards
  2 killer bee zombies (D:8)
  2 howler monkey zombies (D:8)
  24 gnolls
  9 adders
  A white imp (D:8)
  4 ufetubi (D:7)
  2 ribbon worms
  80 orcs
  8 ball pythons
  7 endoplasms
  3 giant cockroaches
  6 goblins
  6 hobgoblins
  6 jackals
  6 quokkas
  2 bats
  4 frilled lizards
  10 kobolds
  2 rats (D:1)
434 creatures vanquished.

Vanquished Creatures (others)
  A centaur (Bailey)
1 creature vanquished.

Grand Total: 435 creatures vanquished

Notes
Turn   | Place    | Note
-------+----------+-------------------------------------------
     0 | D:1      | jasper the Draconian Shapeshifter began the quest for the
                  | Orb.
     0 | D:1      | Reached XP level 1. HP: 16/16 MP: 1/1
    93 | D:1      | Reached XP level 2. HP: 23/23 MP: 2/2
   157 | D:1      | You fall into a shaft and drop 1 floor!
   344 | D:2      | Found Ypicon's Book Shop.
   344 | D:2      | Noticed a walking crystal tome
   344 | D:2      | Noticed a walking frostbound tome
   428 | D:2      | Reached XP level 3. HP: 28/28 MP: 3/3
  1206 | D:3      | Reached skill level 5 in Unarmed Combat
  1206 | D:3      | Reached XP level 4. HP: 35/35 MP: 4/4
  1999 | D:3      | Reached XP level 5. HP: 25/40 MP: 5/5
  2103 | D:4      | Noticed Pikel
  2103 | D:4      | Noticed a lemure
  2103 | D:4      | Noticed a lemure
  2103 | D:4      | Noticed a lemure
  2103 | D:4      | Noticed a lemure
  2112 | D:4      | Killed a lemure
  2119 | D:4      | Killed Pikel
  2120 | D:4      | Reached XP level 6. HP: 47/47 MP: 6/6
  2120 | D:4      | Your scales start taking on a fiery red colour.
  2120 | D:4      | Reached XP level 7. HP: 52/52 MP: 7/7
  2120 | D:4      | Gained mutation: Your flesh is heat resistant. (rF+) [Red
                  | Draconian growth]
  3064 | D:5      | Entered Level 5 of the Dungeon
  3079 | D:5      | Reached XP level 8. HP: 59/59 MP: 8/8
  3153 | D:5      | Noticed Blork the orc
  3154 | D:5      | Reached skill level 10 in Unarmed Combat
  3165 | D:5      | Killed Blork the orc
  3237 | D:5      | Found an opulent altar of Gozag.
  3508 | D:5      | Reached skill level 4 in Shapeshifting
  3607 | D:5      | Found a staircase to the Ecumenical Temple.
  3618 | Temple   | Entered the Ecumenical Temple
  3627 | Temple   | Became a worshipper of Warmaster Okawaru
  4008 | D:6      | Reached skill level 5 in Shapeshifting
  4185 | D:6      | Reached skill level 6 in Shapeshifting
  4317 | D:6      | Found a radiant altar of Vehumet.
  4477 | D:6      | Reached * piety under Okawaru
  4925 | D:6      | Reached skill level 7 in Shapeshifting
  4925 | D:6      | Reached XP level 9. HP: 50/64 MP: 9/9
  5371 | D:7      | Noticed Menkaure
  5379 | D:7      | Killed Menkaure
  5379 | D:7      | Reached ** piety under Okawaru
  5472 | D:7      | Found a snail-covered altar of Cheibriados.
  5545 | D:7      | Noticed Prince Ribbit
  5553 | D:7      | Killed Prince Ribbit
  5554 | D:7      | Reached skill level 5 in Fighting
  5652 | D:7      | Found a shimmering altar of Xom.
  5785 | D:7      | Found an ancient bone altar of Kikubaaqudgha.
  5790 | D:7      | Found a hide-covered altar of Uskayaw.
  5797 | D:7      | Found a blossoming altar of Fedhas.
  5797 | D:7      | Found a shadowy altar of Dithmenos.
  6024 | D:8      | Found a flagged portal.
  6039 | Bailey   | Entered a bailey
  6150 | Bailey   | Reached skill level 1 in Invocations
  6952 | Bailey   | Reached *** piety under Okawaru
  6953 | Bailey   | Reached XP level 10. HP: 48/90 MP: 12/12
  7744 | Bailey   | Acquired a +2 pair of gloves of infusion
  8162 | D:8      | Reached skill level 10 in Fighting
  8266 | D:8      | Identified the ring of Ecvif {rCorr Int+3}
  8277 | D:8      | Noticed Joseph
  8549 | D:8      | Killed Joseph
  8815 | D:8      | Reached **** piety under Okawaru
  8816 | D:8      | Reached skill level 8 in Shapeshifting
  9090 | D:8      | Found Enuhosmu's Magic Scroll Emporium.
  9266 | D:9      | Identified the +0 long sword of Qasmofo {drain, rC+ Will+}
  9512 | D:9      | Reached skill level 9 in Shapeshifting
 10001 | D:9      | Found a white marble altar of Elyvilon.
 10033 | D:9      | Found an ornate altar of the Wu Jian Council.
 10181 | D:9      | Found a sacrificial altar of Ru.
 10214 | D:9      | Reached ***** piety under Okawaru
 10369 | D:9      | Reached skill level 10 in Shapeshifting
 10577 | D:9      | Reached XP level 11. HP: 95/99 MP: 10/13
 10698 | D:10     | Entered Level 10 of the Dungeon
 10955 | D:10     | Found a shimmering blue altar of Sif Muna.
 11069 | D:10     | Found a staircase to the Orcish Mines.
 12017 | Orc:1    | Entered Level 1 of the Orcish Mines
 12138 | D:11     | Reached skill level 11 in Shapeshifting
 12399 | D:11     | Found a staircase to the Lair.
 12407 | D:11     | Noticed a two-headed ogre
 12418 | D:11     | Killed a two-headed ogre
 12655 | D:11     | Identified the +6 short sword of Aqeunit {pain, rC++ rN+
                  | Will-}
 12739 | D:11     | Noticed a two-headed ogre
 12747 | D:11     | Killed a two-headed ogre
 13311 | Lair:1   | Entered Level 1 of the Lair of Beasts
 13365 | Lair:1   | Reached skill level 12 in Shapeshifting
 13892 | Lair:1   | Reached ****** piety under Okawaru
 13892 | Lair:1   | Received a gift from Okawaru
 13893 | Lair:1   | Reached skill level 13 in Shapeshifting
 13893 | Lair:1   | Acquired a +3 demon blade of venom
 13893 | Lair:1   | Received a gift from Okawaru
 13894 | Lair:1   | Acquired the +2 pair of boots "Cionaes" {Will+}
 13894 | Lair:1   | Received a gift from Okawaru
 14508 | Lair:1   | Reached XP level 12. HP: 106/106 MP: 11/14
 15166 | Lair:1   | Received a gift from Okawaru
 15167 | Lair:1   | Reached skill level 14 in Shapeshifting
 17046 | Lair:3   | Noticed an eight-headed hydra
 17057 | Lair:3   | Killed an eight-headed hydra
 17057 | Lair:3   | Received a gift from Okawaru
 17072 | Lair:3   | HP: 4/110 [torpor snail (12)]
 17467 | Lair:3   | Received a gift from Okawaru
 17767 | Lair:3   | Found a staircase to the Shoals.
 17780 | Lair:3   | Reached XP level 13. HP: 119/119 MP: 4/15
 18151 | Lair:3   | Acquired 1053 gold pieces
 18494 | Lair:3   | Found a staircase to the Snake Pit.
 18688 | Lair:4   | Received a gift from Okawaru
 19122 | Lair:4   | HP: 6/122 [spore (13)]
 19122 | Lair:4   | Killed by an exploding yak... ignited by their inner flame

Illustrated notes

Levels and vault maps discovered:
D:1:      tarquinn_simple_flora_water_c, layout_rooms
D:2:      layout_basic, serial_shops, nicolae_shop_mannequins,
          minmay_misc_feat_encased
D:3:      layout_rooms
D:4:      minmay_recursive_quarters, layout_rooms, nrook_mini_vaults, uniq_pikel
D:5:      layout_loops_cross, mainiacjoe_overflow_paths,
          minmay_temple_entry_offerings, uniq_blork_the_orc
D:6:      layout_basic, mainiacjoe_overflow_alcove_4,
          serial_library_hellmonk_big_corner, feat_on_display
D:7:      layout_basic, nicolae_overflow_hallway_of_the_gods, lemuel_tele_altar,
          nicolae_the_louvre, uniq_prince_ribbit1, uniq_menkaure
D:8:      layout_loops_cross, enter_bailey_4, serial_undead, serial_undead_c,
          serial_undead_b, serial_undead_c, serial_undead_b, serial_shops,
          shop_statue, uniq_joseph
D:9:      layout_roguey [special_room_orc], mainiacjoe_overflow_24_doors,
          mainiacjoe_overflow_two_lobes
D:10:     layout_irregular_city, mainiacjoe_overflow_brackets, david_orc_2,
          minmay_hedge_maze
D:11:     layout_loops_corners, lair_entry_dummy
Temple:   compressed_dpeg_circular_temple
Lair:1:   layout_concentric_octagons, pdpol_lair_cavern_descent
Lair:2:   layout_cave_pods, chequers_serial_rivers_large_a,
          kilobyte_rumbling_trees, grunt_megastairs_5
Lair:3:   layout_roguey, nicolae_shoals_entry_roost, dummy_snake_entry,
          nicolae_volcano_entry_vermiform, dreamdust_gnoll_shepherd
Lair:4:   layout_cave_shapes, minmay_lair_drake_nest
Orc:1:    layout_diamond_mine, elf_legates, uniq_erolcha, uniq_sonja

Skill      XL: |  1  2  3  4  5  6  7  8  9 10 11 12 13 |
---------------+----------------------------------------+-----
Unarmed Combat | 4 5 8 9 10 12 13 | 13.2
Shapeshifting  | 7 10 13 14 | 14.0
Fighting       | 8 10 12 13 | 13.6
Invocations    | 3 |  3.0
Dodging        | |  1.7

Action                     |  1- 3 |  4- 6 |  7- 9 | 10-12 | 13-15 || total
---------------------------+-------+-------+-------+-------+-------++-------
  Melee: Unarmed           |   100 |    63 |   343 |   721 |   142 ||  1369
         Tailslap          |     8 |     6 |    57 |   127 |    24 ||   222
         Punch             |     2 |       |     8 |       |       ||    10
 Invoke: Heroism           |       |       |       |     1 |       ||     1
         Receive Weapon    |       |       |       |     1 |       ||     1
         Receive Armour    |       |       |       |     1 |       ||     1
         Finesse           |       |       |       |     1 |       ||     1
Ability: Breathe Fire      |       |       |    40 |    63 |     6 ||   109
  Evoke: Wand              |       |       |       |    34 |       ||    34
    Use: Scroll            |     2 |     5 |     5 |    11 |     4 ||    27
         Potion            |     2 |     1 |       |     2 |       ||     5
   Stab: Sleeping          |       |       |     1 |       |       ||     1
         Distracted        |       |       |       |     1 |       ||     1
 Armour: Skin              |    54 |    33 |   208 |   514 |    84 ||   893
  Dodge: Dodged            |    64 |    27 |   247 |   616 |    92 ||  1046
   Form: Flux              |       |       |     1 |       |       ||     1
